 Dungeon Crawl Stone Soup version 0.17-a0-1646-geb1493d (webtiles) character file.

5926 LilCorpsy the Placeless Naga (level 10, 0/91 HPs)
             Began as a Naga Warper on Aug 11, 2015.
             Slain by a killer bee (7 damage)
             ... on level 9 of the Dungeon.
             The game lasted 00:58:49 (16722 turns).

LilCorpsy the Placeless Naga (Naga Warper)         Turns: 16722, Time: 00:58:49

Health: 0/91       AC: 10    Str: 14    XL:     10   Next: 83%
Magic:  3/18       EV: 10    Int: 14    God:
Gold:   550        SH:  3    Dex: 13    Spells: 3 memorised, 13 levels left

rFire  + . .     SeeInvis +     a - +1 falchion
rCold  . . .     Clarity  .     b - +0 leather armour
rNeg   . . .     SustAt   .     y - +0 buckler
rPois  +         Gourm    .     q - +2 helmet
rElec  .         Spirit   .     v - +0 cloak
rCorr  .         Warding  .     i - +1 pair of gloves
rMut   .         Stasis   .     (no barding)
MR     ++...                    u - amulet of rage
Stlth  +.........               j - ring of protection from fire
                                h - ring of protection from magic

@: lethally poisoned (0 -> -1), drained, very slow, very resistant to hostile
enchantments, very unstealthy
A: see invisible, deformed body, poison resistance, slowness 2, slow metabolism
1, spit poison 2, AC +3
a: Spit Poison, Evoke Berserk Rage


You were on level 9 of the Dungeon.
You were not hungry.

You visited 2 branches of the dungeon, and saw 11 of its levels.
You also visited: Sewer.

You collected 550 gold pieces.

Inventory:

Hand weapons
 a - a +1 falchion (weapon)
Missiles
 e - a tomahawk of dispersal (quivered)
 s - 8 poisoned tomahawks
Armour
 b - a +0 leather armour (worn)
 i - a +1 pair of gloves (worn)
 q - a +2 helmet (worn)
 v - a +0 cloak (worn)
 y - a +0 buckler (worn)
Jewellery
 h - a ring of protection from magic (left hand)
 j - a ring of protection from fire (right hand)
 u - an amulet of rage (around neck)
Magical devices
 d - a wand of slowing (9)
 f - a wand of teleportation (0)
 m - a wand of fire (7)
 r - a wand of lightning (9)
 B - a wand of heal wounds (0)
Scrolls
 k - a scroll of teleportation
 l - 3 scrolls of magic mapping
 o - 6 scrolls of remove curse
 w - a scroll of enchant armour
Books
 c - a book of Spatial Translocations

   Spells                             Type                      Level
   a - Apportation                    Translocation                1
   b - Blink                          Translocation                2
   c - Shroud of Golubria             Charms/Translocation         2
   d - Portal Projectile              Translocation                3
   e - Teleport Other                 Translocation                3
   f - Passage of Golubria            Translocation                4
Comestibles
 t - 2 bread rations


   Skills:
 + Level 6.2(5.3) Fighting
 * Level 8.8(7.8) Long Blades
 - Level 0.8(0.0) Throwing
 - Level 1.2(0.4) Armour
 + Level 5.1(4.2) Dodging
 + Level 5.6(4.6) Spellcasting
 * Level 9.4(8.4) Translocations


You had 13 spell levels left.
You knew the following spells:

 Your Spells              Type           Power        Failure   Level  Hunger
a - Apportation           Tloc           ####......   1%          1    None
b - Blink                 Tloc           N/A          1%          2    ##.....
c - Passage of Golubria   Tloc           N/A          14%         4    ####...


Dungeon Overview and Level Annotations

Branches:
Dungeon (10/15)            Temple (1/1) D:6
   Lair: D:8-11         Orc: D:9-12

Altars:
Ashenzari
Dithmenos
Elyvilon
Fedhas
Makhleb
Nemelex Xobeh
Ru
Sif Muna
Yredelemnul
Zin
The Shining One

Shops:
D:4 ?   D:7 [


Innate Abilities, Weirdness & Mutations

You cannot wear boots.
Your serpentine skin is tough (AC +3).
You have supernaturally acute eyesight.
Armour fits poorly on your strangely shaped body.
Your system is resistant to poisons.
You cover ground very slowly.
You have a slow metabolism.
You can spit poison.


Message History

The portcullis has been lowered almost to the ground.
The walls and floor vibrate strangely for a moment. 5 killer bees come into view.
The killer bee buzzes angrily.
The killer bee stings you.
* * * LOW HITPOINT WARNING * * *
The killer bee misses you.
The killer bee stings you but does no damage.
There is a stone staircase leading up, spattered with blood here.
The killer bee buzzes angrily.
The killer bee stings you but does no damage.
The killer bee closely misses you. You block the killer bee's attack.
The killer bee stings you but does no damage.
You climb upwards.
You feel sick. The crimson imp puffs mist at you.
There is a stone staircase leading down here.
Casting: Blink
Confirm with . or Enter, or press ? or * to list all spells.
You blink.
The killer bee stings you!
You die...

##........###...^..........#
........[[%...........##
.....................##
#.......[...........##
#............:.%..##
##..$......♣.....##
##.......♣.....##
##.._.5..♣♣..##
##.@y...P♣..# ##.y......##
##.§....# ####...# #####


You could see 2 killer bees and a crimson imp.

Vanquished Creatures
  A centaur zombie (D:9)
  Sigmund (D:4)
  The ghost of timbw the Chucker, an average CeHu of Ashenzari (D:4)
  2 hippogriffs
  A steam dragon (D:6)
  Duvessa (D:6)
  2 ice beasts
  4 orc warriors
  3 ogres
  6 centaurs
  3 sky beasts
  A phantom (D:6)
  The ghost of LilCorpsy the Poker, an average MfGl (D:3)
  A gnoll sergeant (D:8)
  Blork the orc (D:6)
  5 big kobolds (Sewer)
  4 giant frogs
  A water moccasin zombie (D:6)
  Dowan (D:6)
  A water moccasin skeleton (D:4)
  7 scorpions
  3 killer bees
  4 wights (D:9)
  A giant frog zombie (D:5)
  4 crimson imps
  A gnoll shaman (D:7)
  7 hounds
  A quasit (D:5)
  2 centaur skeletons
  5 orc priests
  3 jellies
  3 giant frog skeletons
  An iguana (D:4)
  8 orc wizards
  2 worker ants
  A worker ant zombie (D:9)
  11 gnolls
  12 adders
  A river rat (Sewer)
  A shadow imp (D:6)
  7 oozes
  An adder zombie (D:9)
  2 adder skeletons (D:7)
  4 worms
  6 giant geckos
  35 orcs
  5 bats
  10 hobgoblins
  7 jackals (D:3)
  5 quokkas
  5 ball pythons
  7 giant cockroaches
  2 giant gecko zombies
  5 giant newts
  11 goblins
  15 kobolds
  A quokka skeleton (D:5)
  12 rats
259 creatures vanquished.

Notes
Turn   | Place    | Note
--------------------------------------------------------------
     0 | D:1      | LilCorpsy the Naga Warper began the quest for the Orb.
     0 | D:1      | Reached XP level 1. HP: 19/19 MP: 3/3
   546 | D:1      | Reached skill level 1 in Armour
   631 | D:1      | Reached XP level 2. HP: 10/26 MP: 5/5
  1359 | D:2      | Reached XP level 3. HP: 27/32 MP: 6/6
  1701 | D:2      | Found a glowing golden altar of the Shining One.
  2435 | D:3      | Found a deep blue altar of Sif Muna.
  2444 | D:3      | Reached XP level 4. HP: 34/39 MP: 7/7
  2503 | D:3      | Learned a level 2 spell: Blink
  3054 | D:3      | You fall through a shaft for 3 floors!
  3054 | D:6      | Noticed an ice beast
  3214 | D:6      | Reached skill level 4 in Translocations
  3214 | D:6      | Reached XP level 5. HP: 28/46 MP: 8/8
  3386 | D:6      | Noticed Blork the orc
  3437 | D:6      | Killed Blork the orc
  3704 | D:6      | Killed an ice beast
  3704 | D:6      | Reached XP level 6. HP: 40/55 MP: 8/10
  4092 | D:6      | Reached XP level 7. HP: 38/62 MP: 11/11
  4243 | D:6      | Found a staircase to the Ecumenical Temple.
  4340 | Temple   | Entered the Ecumenical Temple
  4454 | D:5      | Entered Level 5 of the Dungeon
  4732 | D:5      | Found a burning altar of Makhleb.
  4734 | D:5      | Noticed a cacodemon
  4778 | D:5      | Reached skill level 5 in Translocations
  4899 | D:5      | Found a glowing drain.
  4936 | Sewer    | Entered a sewer
  5138 | Sewer    | Reached skill level 5 in Long Blades
  5372 | Sewer    | Reached XP level 8. HP: 64/69 MP: 11/13
  5672 | Sewer    | Reached skill level 6 in Translocations
  6857 | D:4      | Noticed timbw's ghost (average CeHu)
  6900 | D:4      | Killed timbw's ghost
  7511 | D:4      | Reached XP level 9. HP: 75/79 MP: 14/14
  7537 | D:4      | Found a white marble altar of Elyvilon.
  7615 | D:4      | Found Sith's Magic Scroll Shoppe.
  7748 | D:4      | Noticed Sigmund
  7758 | D:4      | Killed Sigmund
  7758 | D:4      | Reached skill level 7 in Translocations
  8121 | D:4      | Found a shadowy altar of Dithmenos.
  8528 | D:3      | Gained mutation: You are partially covered in molten scales (AC +1). [potion of beneficial mutation]
  8556 | D:3      | Found a shattered altar of Ashenzari.
  8653 | D:3      | Found a basalt altar of Yredelemnul.
  8672 | D:3      | Noticed LilCorpsy's ghost (average MfGl)
  8693 | D:3      | Killed LilCorpsy's ghost
  9342 | D:6      | Noticed a steam dragon
  9391 | D:6      | Killed a steam dragon
  9806 | D:6      | Reached skill level 5 in Fighting
  9933 | D:6      | Noticed Dowan
  9942 | D:6      | Noticed Duvessa
  9983 | D:6      | Killed Duvessa
 10059 | D:6      | Killed Dowan
 10437 | D:7      | Reached skill level 8 in Translocations
 11191 | D:7      | Reached XP level 10. HP: 77/88 MP: 16/16
 12324 | D:7      | Found Ujoxt's Antique Armour Emporium.
 12378 | D:7      | Lost mutation: You are partially covered in molten scales (AC +1). [potion of cure mutation]
 12385 | D:7      | Reached skill level 5 in Spellcasting
 14176 | D:9      | Reached skill level 9 in Translocations
 14636 | D:8      | Reached skill level 5 in Dodging
 15706 | D:10     | Entered Level 10 of the Dungeon
 16172 | D:9      | Learned a level 4 spell: Passage of Golubria
 16344 | D:9      | Found a sparkling altar of Nemelex Xobeh.
 16722 | D:9      | Slain by a killer bee

Vault maps used:
D:1:      minmay_arrival_four_circles, minmay_misc_feat_cross
D:2:      nicolae_tso_carved_into_rock
D:3:      yredelemnul_altar_generic, overflow_temple_1_default,
          lemuel_doored_altar
D:4:      nicolae_dithmenos_the_darkroom, lemuel_crystal_altar, serial_shops,
          nicolae_shop_behind_doors, minmay_goblin_kobold_house, uniq_sigmund
D:5:      makhleb_altar_promises_db, portal_sewer_entry_f, first_bread
D:6:      minmay_temple_entry_statues_pillars, uniq_duvessa, uniq_blork_the_orc
D:7:      serial_shops, shop
D:9:      nemelex_deck, lair_0_dummy, serial_park, serial_park_tiny_1,
          serial_park_tiny_2, serial_park_tiny_pond
D:10:     orc_0_dummy, enter_bailey_2
Temple:   temple_eino_lava_12
Sewer:    sewer_co_tree

Action                   |  1- 3 |  4- 6 |  7- 9 | 10-12 || total
-------------------------+-------+-------+-------+-------++-------
Melee: Falchion          |   135 |   186 |   904 |   500 ||  1725
Throw: Tomahawk          |       |     2 |     1 |     1 ||     4
 Cast: Blink             |       |     1 |     2 |    22 ||    25
       Passage of Golubr |       |       |       |     2 ||     2
 Abil: Spit Poison       |     6 |     7 |    41 |    48 ||   102
Evoke: Wand              |       |     2 |     1 |     6 ||     9
  Use: Scroll            |     4 |     3 |     6 |     5 ||    18
       Potion            |     1 |     5 |     8 |     6 ||    20
 Stab: Sleeping          |     1 |       |       |       ||     1
  Eat: Meat ration       |     1 |       |     1 |     2 ||     4
       Bread ration      |       |     1 |     2 |     1 ||     4
       Chunk             |       |       |     5 |       ||     5
       Beef jerky        |       |       |     1 |       ||     1
       Fruit             |       |       |       |     3 ||     3
       Royal jelly       |       |       |       |     1 ||     1
